AoeStats
← wat!

Black Forest

509932033Analyzed
3v3 RM · 4d ago on Sep 28, 2026· 39m 3s· 6 players
Game mode
Random Map
Map size
Normal (6 player)
Population
200
Speed
Normal
Resources
Standard
Victory
Conquest
Starting age
Dark Age
Ending age
Imperial Age
RankedLock teamsTeams togetherTeam positionsShared explorationLock speedFull tech treeHidden civsTurbo modeCheats
Victory
Defeat
🇨🇭 Danes · Switzerland
729
+15
🇨🇭 Saxons · Switzerland
721
+15
🇦🇹 Persians · Austria
714
+15
🇺🇸 Bulgarians · United States
810
-19
707
-15
🇫🇷 Goths · France
593
-11
30 sheeps
0:57 Loom
14:24 Feudal Age
18:03 Castle Age
24:17 Horse Collar
24:23 Double-Bit Axe
25:45 Town Watch
26:36 Wheelbarrow
33:10 Pikeman
34:08 Hand Cart
34:13 Bow Saw
34:05 Heavy Plow
33:58 Gold Mining
33:58 Stone Mining
35:56 Town Patrol
37:04 Gold Shaft Mining
36:19 Stone Mining
38:22 Scale Mail Armor
38:33 Forging
41:22 Imperial Age
Profis
2:06 Loom
12:00 Feudal Age
16:04 Castle Age
15:10 Horse Collar
15:18 Double-Bit Axe
20:08 Loom
21:00 Wheelbarrow
20:12 Town Watch
21:26 Heavy Plow
24:26 Hand Cart
24:12 Town Patrol
24:59 Bow Saw
24:48 Gold Mining
24:51 Stone Mining
26:09 Gold Shaft Mining
29:30 Stone Shaft Mining
28:59 Scale Mail Armor
29:09 Forging
32:38 Imperial Age
32:55 Onager
33:00 Northmen's Fury
34:47 Chemistry
34:12 Siege Engineers
34:20 Siege Onager
36:23 Conscription
36:40 Hoardings
wat!
1:29 Loom
14:24 Feudal Age
18:25 Castle Age
16:25 Horse Collar
16:32 Double-Bit Axe
18:44 Fletching
19:52 Bodkin Arrow
21:18 Stone Mining
23:11 Masonry
25:19 Town Watch
28:59 Fortified Wall
28:44 Guard Tower
31:18 Heavy Plow
31:29 Bow Saw
36:26 Wheelbarrow
35:52 Town Patrol
40:26 Imperial Age
38:12 Hand Cart
37:40 Treadmill Crane
38:21 Ballistics
39:25 Murder Holes
Toade7
1:47 Loom
20:08 Feudal Age
24:35 Castle Age
24:44 Forging
26:09 Wheelbarrow
30:29 Imperial Age
29:34 Double-Bit Axe
31:15 Hand Cart
35:17 Iron Casting
36:24 Bloodlines
36:15 Husbandry
37:19 Blast Furnace
ॐPixoॐ
15:01 Feudal Age
15:24 Horse Collar
15:32 Double-Bit Axe
15:44 Stone Mining
20:27 Loom
28:31 Castle Age
27:16 Gold Mining
30:20 Stone Shaft Mining
31:01 Fletching
34:13 Wheelbarrow
34:18 Wheelbarrow
35:20 Heavy Plow
35:51 Bow Saw
41:41 Imperial Age
Johnny Label - Black Walker
14:09 Feudal Age
16:05 Double-Bit Axe
16:02 Horse Collar
17:59 Gold Mining
26:48 Castle Age
28:04 Pikeman
28:46 Stone Mining
29:34 Gold Shaft Mining
30:21 Forging
30:19 Scale Barding Armor
30:53 Caravan
31:51 Bow Saw
32:33 Murder Holes
34:45 Kamandaran
36:37 Elite Skirmisher
39:12 Wheelbarrow
38:24 Town Watch
Connection lost

Rejoining the realm…

Still unreachable

The connection could not be restored.

Session expired

The server has moved on; the page needs a fresh start.